 Dungeon Crawl Stone Soup version 0.23.0 (webtiles) character file.

Game seed: 1341353032594738757

317 Borgoz the Ruffian (level 6, -1/51 HPs)
             Began as a Ghoul Gladiator on Feb 16, 2019.
             Slain by Duvessa
             ... wielding a +0 short sword
              (6 damage)
             ... on level 4 of the Dungeon.
             The game lasted 00:06:07 (2963 turns).

Borgoz the Ruffian (Ghoul Gladiator)                Turns: 2963, Time: 00:06:08

Health: -1/51      AC:  4    Str: 19 (20) XL:     6   Next: 45%
Magic:  5/5        EV: 13    Int:  3      God:
Gold:   468        SH:  0    Dex: 14 (15) Spells: 5/5 levels left

rFire    . . .     SeeInvis .     - Unarmed
rCold    + . .     Gourm    .   (no shield)
rNeg     + + +     Faith    .   a - +0 leather armour
rPois    ∞         Spirit   .   b - +0 helmet
rElec    .         Reflect  .   (no cloak)
rCorr    .         Harm     .   (no gloves)
MR       .....                  (no boots)
Stlth    +.........             (no amulet)
HPRegen  0.00/turn              r - +2 ring of strength
MPRegen  0.09/turn              k - +3 ring of dexterity

@: confused, rotting
A: rotting body, claws 1, carnivore, cold resistance 1, negative energy
resistance 3, inhibited regeneration, torment resistance, unbreathing
a: no special abilities


You were on level 4 of the Dungeon.
You were not hungry.

You visited 1 branch of the dungeon, and saw 4 of its levels.
You also visited: Ossuary.

You collected 468 gold pieces.

Inventory:

Missiles
 c - 3 throwing nets (quivered)
Armour
 a - a +0 leather armour (worn)
 b - a +0 helmet (worn)
Jewellery
 i - an uncursed ring of wizardry
 k - a +3 ring of dexterity (right claw)
 r - a +2 ring of strength (left claw)
Scrolls
 f - a scroll of teleportation
 h - 2 scrolls of fear
 n - a scroll of blinking
 p - a scroll of magic mapping
Potions
 g - a potion of lignification
 l - a potion of curing
Comestibles
 d - 6 rations


   Skills:
 + Level 3.6 Fighting
 + Level 2.9 Throwing
 - Level 1.0 Armour
 + Level 4.0 Dodging
 + Level 5.1 Unarmed Combat


You had 5 spell levels left.
You didn't know any spells.
Your spell library was empty.

Dungeon Overview and Level Annotations

Branches:
Dungeon (4/15)
 Temple: D:4-7

Altars:
Ashenzari

Annotations:
D:4 Dowan, Duvessa


Innate Abilities, Weirdness & Mutations

Your body is rotting away.
You thrive on raw meat.
You are immune to poison.
You have sharp fingernails.
You are carnivorous and can eat meat at any time.
Your flesh is cold resistant. (rC+)
You are immune to negative energy. (rN+++)
You do not regenerate when monsters are visible.
You are immune to unholy pain and torment.
You can survive without breathing.


Message History

The hound barely misses you.
It was a potion of curing.
You feel better.
You feel less invigorated. Duvessa hits you with a +0 short sword.
* * * LOW HITPOINT WARNING * * *
The hound bites you.
* * * LOW HITPOINT WARNING * * *
Dowan closely misses you. Duvessa closely misses you.
You are confused.
You feel invigorated. The hound closely misses you.
Duvessa hits you with a +0 short sword.
* * * LOW HITPOINT WARNING * * *
Dowan casts a spell.
Dowan blinks!
The hound bites you but does no damage.
Unknown command.
Duvessa hits you with a +0 short sword.
* * * LOW HITPOINT WARNING * * *
The hound bites you.
* * * LOW HITPOINT WARNING * * *
Duvessa hits you with a +0 short sword.
You die...

#.#...#.## *#,<***,*,,***,
#.##'##..# *,#**,,**,,**,
##........# *.#*,,****,,,,
#.....##..# *#.#*.,* **,,,
##.##.##*#.####..#..** **,,
##.##.## *..........*******,,
#.###.# ###.......#,,,,,,,,**
####..####.........#**,,,,,***
#..#....§h@.....#**,,,,,*
##.e......e......#,,,,,**
#.#.../###.......,,,,,*
#.#..### *#......,,,,,****
#.##.# **,.#....,,,,,,,,*
####.#***,,.###..,,,,,,,,,
##.**,,,,.***.,,,,,,***
*..,,*,,.,,,,**,,,,**
*****..,**,**,,,,***,,,,**


You could see Duvessa, Dowan and a hound.

Vanquished Creatures
  An elf zombie (Ossuary)
  A bullfrog skeleton (D:2)
  Jessica (D:2)
  A worker ant (D:2)
  A big kobold zombie (Ossuary)
  2 mummies (Ossuary)
  3 adders
  An ooze (D:1)
  2 worms (D:2)
  2 dart slugs (D:1)
  A leopard gecko (D:3)
  5 orcs (D:3)
  2 ball pythons
  A giant cockroach (D:2)
  17 goblins
  10 hobgoblins
  2 jackals (D:3)
  A quokka (D:3)
  6 bats
  5 frilled lizards
  2 gnoll zombies (Ossuary)
  3 goblin zombies (Ossuary)
  3 hobgoblin zombies (Ossuary)
  6 kobolds
  4 orc zombies (Ossuary)
  2 rats (D:3)
  A plant (D:1)
86 creatures vanquished.

Notes
Turn   | Place    | Note
-------+----------+-------------------------------------------
     0 | D:1      | Borgoz the Ghoul Gladiator began the quest for the Orb.
     0 | D:1      | Reached XP level 1. HP: 17/17 MP: 0/0
    47 | D:1      | Reached XP level 2. HP: 14/24 MP: 1/1
   695 | D:1      | Reached XP level 3. HP: 30/30 MP: 2/2
   904 | D:2      | Reached skill level 4 in Unarmed Combat
   991 | D:2      | Reached skill level 1 in Armour
   991 | D:2      | Reached XP level 4. HP: 19/37 MP: 3/3
  1302 | D:2      | Noticed Jessica
  1311 | D:2      | Killed Jessica
  1346 | D:2      | Reached XP level 5. HP: 26/43 MP: 4/4
  1691 | D:3      | Found a shattered altar of Ashenzari.
  2428 | D:4      | Found a sand-covered staircase.
  2433 | Ossuary  | Entered an ossuary
  2465 | Ossuary  | Reached XP level 6. HP: 51/51 MP: 5/5
  2608 | Ossuary  | Reached skill level 5 in Unarmed Combat
  2940 | D:4      | Noticed Dowan
  2942 | D:4      | Noticed Duvessa
  2963 | D:4      | Slain by Duvessa

Skill      XL: |  1  2  3  4  5  6 |
---------------+-------------------+-----
Dodging        | 3 4 |  4.0
Unarmed Combat | 4 5 |  5.1
Armour         | 1 |  1.0
Throwing       | 2 |  2.9
Fighting       | 3 |  3.6

Action                   |  1- 3 |  4- 6 || total
-------------------------+-------+-------++-------
Melee: Unarmed           |    99 |   234 ||   333
       Punch             |     1 |     4 ||     5
  Use: Scroll            |       |     5 ||     5
       Potion            |       |     6 ||     6
  Eat: Chunk             |     7 |     8 ||    15
Armor: Leather armour    |    18 |    62 ||    80
Dodge: Dodged            |    35 |   210 ||   245
